 Dungeon Crawl Stone Soup version 0.26-a0-812-g31a745ddcd (webtiles) character file.

Game seed: 13180911518942299255

492 Lanoc the Insei (level 7, 0/54 HPs)
             Began as a Barachi Transmuter on Nov 16, 2020.
             Slain by a centaur (5 damage)
             ... on level 4 of the Dungeon.
             The game lasted 00:06:20 (5618 turns).

Lanoc the Insei (Barachi Transmuter)                Turns: 5618, Time: 00:06:20

Health: 0/54       AC:  2    Str: 11 (12) XL:     7   Next: 14%
Magic:  5/10       EV: 13    Int: 12 (14) God:
Gold:   226        SH:  0    Dex: 10 (13) Spells: 7/10 levels left

rFire    . . .     SeeInvis .     - Unarmed
rCold    . . .     Faith    .   (no shield)
rNeg     . . .     Spirit   .   a - +0 robe
rPois    .         Reflect  .   (helmet currently unavailable)
rElec    .         Harm     .   (no cloak)
rCorr    .         Rampage  .   (no gloves)
MR       .....                  (boots currently unavailable)
Stlth    +.........             (no amulet)
HPRegen  0.18/turn              (no ring)
MPRegen  0.12/turn              (no ring)

@: appendages, wereblooded, slow
A: +LOS, swims, horns 2, talons 2, slowness 1, strong legs 1
a: Hop, End Transformation


You were on level 4 of the Dungeon.
You had grown temporary horns.
You had grown temporary talons.
You visited 1 branch of the dungeon, and saw 4 of its levels.

You collected 226 gold pieces.

Inventory:

Armour
 a - a +0 robe (worn)
 i - a +1 hat of intelligence (melded)
Jewellery
 e - a +6 ring of dexterity {unknown}
Scrolls
 c - 6 scrolls of identify {unknown}
 g - a scroll of enchant weapon {unknown}
 h - a scroll of fear {unknown}
 j - 2 scrolls of noise {unknown}
 l - a scroll of remove curse {unknown}
 m - a scroll of teleportation {unknown}
Potions
 f - 2 potions of curing


   Skills:
 + Level 4.0 Fighting
 + Level 4.0 Dodging
 * Level 6.0 Unarmed Combat
 - Level 2.1 Spellcasting
 + Level 4.1 Transmutations


You had 7 spell levels left.
You knew the following spells:

 Your Spells              Type           Power        Failure   Level
a - Beastly Appendage     Tmut           ##....       4%          1
b - Wereblood             Tmut           ##......     8%          2

Your spell library contained the following spells:

 Spells                   Type           Power        Failure   Level
 Spider Form              Tmut/Pois      #.........   34%         3
 Ice Form                 Ice/Tmut       #.......     75%         4
 Blade Hands              Tmut           ##........   80%         5


Dungeon Overview and Level Annotations

Branches:
Dungeon (4/15)
 Temple: D:4-7

Altars:
Fedhas


Innate Abilities, Weirdness & Mutations

You can be seen from farther away. (+LOS)
You can swim through water.
You cover ground slowly.
You can hop short distances.
You have a pair of horns on your head.
You have razor-sharp toenails.


Message History

The slug dart hits you.
You hit the dart slug.
You claw the dart slug, but do no damage.
The dart slug is severely wounded.
The centaur barely misses you. x2
Your magical contamination has completely faded away.
You punch the dart slug!
You kill the dart slug!
The centaur closely misses you. The leopard gecko bites you.
You hit the leopard gecko. Your kick misses the leopard gecko.
The leopard gecko is moderately wounded.
The centaur hits you!
* * * LOW HITPOINT WARNING * * *
The leopard gecko closely misses you.
You closely miss the leopard gecko. You headbutt the leopard gecko.
The leopard gecko is heavily wounded.
The centaur barely misses you. The leopard gecko bites you.
* * * LOW HITPOINT WARNING * * *
The centaur hits you.
You die...

.....#..##(###.#
#(#####
##.#.........#.##
#.#
.........#......#
#..
#......(.##....#...
..
...(....(..##......
##
...............PP..
.....[...>###.PPPP.
#........(###PP_P
#.........@c.P.P.
##.......l.†.P.P
#..................
#..............#...
#...........$......
#..................
..........##...#..
........#.# ###. .
#......... ..


You could see a centaur and a leopard gecko.

Vanquished Creatures
  4 big kobolds (D:3)
  A hound (D:4)
  An iguana (D:4)
  A worker ant (D:4)
  An ooze (D:3)
  2 worms
  A dart slug (D:4)
  2 leopard geckos (D:3)
  10 orcs
  3 ball pythons
  10 bats
  5 giant cockroaches
  3 goblins
  8 hobgoblins
  3 jackals (D:1)
  39 kobolds
  A quokka (D:3)
  7 frilled lizards
  9 rats
111 creatures vanquished.

Vanquished Creatures (others)
  A kobold (D:3)
1 creature vanquished.

Grand Total: 112 creatures vanquished

Notes
Turn   | Place    | Note
-------+----------+-------------------------------------------
     0 | D:1      | Lanoc the Barachi Transmuter began the quest for the Orb.
     0 | D:1      | Reached XP level 1. HP: 15/15 MP: 3/3
   571 | D:1      | Reached XP level 2. HP: 21/21 MP: 3/5
   668 | D:1      | Learned a level 2 spell: Wereblood
  1574 | D:2      | Reached XP level 3. HP: 27/27 MP: 4/6
  2397 | D:2      | Reached skill level 4 in Unarmed Combat
  2804 | D:3      | Reached XP level 4. HP: 28/33 MP: 5/7
  3412 | D:3      | Noticed a big kobold
  3420 | D:3      | Killed a big kobold
  3420 | D:3      | Reached XP level 5. HP: 11/40 MP: 3/8
  3774 | D:3      | Noticed a big kobold
  3792 | D:3      | Killed a big kobold
  3792 | D:3      | Reached skill level 5 in Unarmed Combat
  3792 | D:3      | Reached XP level 6. HP: 29/47 MP: 6/9
  5105 | D:4      | Reached XP level 7. HP: 32/53 MP: 7/10
  5545 | D:4      | Reached skill level 6 in Unarmed Combat
  5600 | D:4      | Found a blossoming altar of Fedhas.
  5618 | D:4      | Slain by a centaur

Illustrated notes

Levels and vault maps discovered:
D:1:      evilmike_arrival_fibonacci_small, layout_loops_corners, serial_glass,
          glass_columns_b, glass_columns_b
D:2:      layout_loops_corners
D:3:      minmay_goblin_kobold_castle, layout_basic
D:4:      layout_rooms, fedhas_bush_and_centaur_altar, uniq_crazy_yiuf_cottage

Skill      XL: |  1  2  3  4  5  6  7 |
---------------+----------------------+-----
Fighting       | 2 3 4 |  4.0
Unarmed Combat | 4 5 6 |  6.0
Transmutations | 3 4 |  4.1
Dodging        | 3 4 |  4.0
Spellcasting   | |  2.1

Action                   |  1- 3 |  4- 6 |  7- 9 || total
-------------------------+-------+-------+-------++-------
Melee: Unarmed           |   110 |   166 |    31 ||   307
       Kick              |    17 |    22 |     6 ||    45
       Headbutt          |     6 |    18 |     6 ||    30
       Punch             |     1 |     3 |     1 ||     5
 Cast: Beastly Appendage |    30 |    25 |     4 ||    59
       Wereblood         |     5 |    22 |     3 ||    30
 Abil: Hop               |       |     1 |       ||     1
  Use: Potion            |       |     5 |     1 ||     6
 Stab: Sleeping          |     5 |       |       ||     5
Armor: Robe              |    23 |    20 |     2 ||    45
Dodge: Dodged            |   102 |   118 |    25 ||   245

Table legend: (Time is in decaauts)
 A = Elapsed time spent in this place.
 B = Non-inter-level travel time spent in this place.
 C = Inter-level travel time spent in this place.
 D = Time resting spent in this place.
 E = Time spent auto-exploring this place.
 F = Levels seen in this place.
 G = Mean time per level.
                   A        B        C        D        E       F      G
               +--------+--------+--------+--------+--------+-----+--------+
         Total |   6046 |   5838 |    208 |    371 |   4722 |   4 | 1511.5 |
       Dungeon |   6046 |   5838 |    208 |    371 |   4722 |   4 | 1511.5 |
               +--------+--------+--------+--------+--------+-----+--------+

Top non-repeatable levels by time:
     D:3: 2704 daAuts
     D:1: 1541 daAuts
     D:2: 1277 daAuts
     D:4: 523 daAuts
